[Event "Israeli Team U18-ch 2022"]
[Site "Be'er Ya'akov"]
[Date "2022.08.15"]
[Round "3.6"]
[White "Vagman, Roy"]
[Black "Ben Ari, Yannay"]
[Result "1-0"]
[ECO "B42"]
[WhiteElo "2180"]
[BlackElo "2411"]
[Annotator "TA"]
[PlyCount "99"]
[EventDate "2022.08.14"]
[EventCountry "ISR"]
[SourceTitle "playchess.com"]
[Source "ChessBase"]
[SourceQuality "1"]
[TimeControl "3000+10"]

1. e4 c5 2. Nf3 e6 3. d4 cxd4 4. Nxd4 a6 5. Nc3 Qc7 6. Bd3 Nf6 7. O-O d6 8. Qe2 {[%emt 0:02:25] 8.a4 is becoming the main line.} Be7 9. Kh1 e5 {[%emt 0:00:00] B42: Sicilian: Kan Variation: 5 Bd3.} 10. Nb3 Be6 11. f4 exf4 {[%emt 0:00:00] [#] White is slightly better.} 12. Nd4 $146 ({Predecessor:} 12. Bxf4 Nc6 13. Rae1 Ne5 14. Nd4 O-O 15. Bg5 Ne8 16. Bc1 Bh4 17. Nxe6 fxe6 18. Rxf8+ Kxf8 {½-½ (51) Jansa,V (2500)-Voloshin,L (2390) Mlada Boleslav 1994}) 12... Nc6 13. Nxc6 Qxc6 14. Bxf4 O-O 15. Rae1 Rfe8 16. Qd2 Rad8 17. Bg5 Ng4 18. Bxe7 Rxe7 19. Qf4 Ne5 20. Re3 Qc5 21. Rg3 {[%emt 0:00:40] Threatens to win with Qf6.} Ng6 22. Qd2 Kh8 23. Rg5 Qb6 24. Na4 Qd4 25. Qa5 Ree8 26. Nc3 {[%emt 0:00:25][%cal Ba4c3,Bc3e2,Be2d4][%mdl 32] Against d5} Ne5 27. Rg3 Qc5 28. Qa4 {[%emt 0:00:44] [#]} Ng4 (28... Nc4 $1 $17 29. Bxc4 Bxc4) 29. h3 $15 Ne5 30. Kh2 Ra8 (30... h5 $17 {aiming for ...h4.} 31. Nd5 g6) 31. Ne2 Nc6 32. c3 Ne5 33. Qd4 (33. Nd4 $11) 33... Qxd4 ({Better is} 33... Bxa2 $17 34. Qa4 Be6) 34. Nxd4 $11 Bxa2 {[%emt 0:00:05] [#]} (34... g6 $11 {keeps the balance.}) 35. b3 $1 $16 Rac8 36. Bc2 {[%emt 0:00:19] Ra1 is the strong threat.} (36. Ra1 {is more complex.} Bxb3 37. Nxb3 Rxc3 38. Be2) 36... Nc6 $2 {[%emt 0:00:31] This costs Black the game.} (36... Rc5 $16) 37. Nxc6 $18 Rxc6 38. Ra1 ({Don't do} 38. Rxf7 g6 $18) 38... Rec8 39. c4 Bxb3 40. Bxb3 Kg8 41. Rf3 Rc5 42. Rd1 R8c6 43. Rfd3 Kf8 44. Rxd6 Rxd6 45. Rxd6 {[%emt 0:00:02] KRB-KR} Ke7 46. Rd5 Rc6 47. c5 {[%emt 0:00:06] Against Rb6} b6 48. Re5+ Kd8 (48... Kf8 {is a better defense.} 49. cxb6 Rxb6) 49. cxb6 Rxb6 50. Bxf7 {[%emt 0:00:03] Weighted Error Value: White=0.14 (very precise) /Black=0.35} 1-0

[Event "Israeli Team U18-ch 2022"]
[Site "Be'er Ya'akov"]
[Date "2022.08.15"]
[Round "3.7"]
[White "Kochavi, Ori"]
[Black "Levi, Or"]
[Result "1/2-1/2"]
[ECO "B50"]
[WhiteElo "2364"]
[BlackElo "1784"]
[Annotator "TA"]
[PlyCount "68"]
[EventDate "2022.08.14"]
[EventCountry "ISR"]
[SourceTitle "playchess.com"]
[Source "ChessBase"]
[SourceQuality "1"]
[TimeControl "3000+10"]

1. e4 c5 2. Nf3 d6 3. Bc4 Nf6 4. d3 Nc6 5. c3 g6 6. O-O Bg7 7. Re1 O-O 8. Bb3 b5 {[%emt 0:02:08][%cal Bb7b5,Bb5b4][%mdl 32] B50: Sicilian: 2...d6, Miscellaneous.} 9. h3 $1 {[%emt 0:00:58] 9.h3 scores better than 9.Nbd2.} Bb7 10. Nbd2 {[%emt 0:01:13] [#]} a5 $146 {[%emt 0:02:58] The position is equal.} ({Predecessor:} 10... Rc8 11. Nf1 a5 12. a4 b4 13. Ng3 Nd7 14. Bg5 bxc3 15. bxc3 Bxc3 16. Rc1 Bxe1 17. Qxe1 {0-1 (42) Sevian,S (2666)-Nihal,S (2598) Chess.com INT 2019}) 11. a4 b4 12. Nf1 Ba6 13. Ng3 Rb8 14. Bc2 Nd7 15. Bd2 (15. Ne2 $15) 15... Qc7 16. Qc1 ({Better is} 16. Ne2 $15) 16... Nde5 $17 17. Nxe5 Nxe5 18. c4 Rfe8 19. Ne2 Nc6 20. Bh6 Bh8 21. Rb1 e6 22. b3 $1 Nd4 23. Nxd4 Bxd4 24. Bd1 d5 25. Qg5 (25. exd5 $11 exd5 26. Bf3) 25... dxc4 26. dxc4 Qe5 (26... f6 $1 $15 27. Qg4 e5) 27. Qh4 Rbd8 (27... Qd6 $1 $15) 28. Bf4 $11 Qf6 29. Qxf6 Bxf6 30. Bc7 (30. e5 $5 Rd4 31. g3 $14) 30... Rd7 31. Bxa5 (31. e5 $1 $11 {keeps the balance.}) 31... Bc3 $36 {[%emt 0:00:08][%mdl 2048] Black is in control.} 32. Re3 Bd4 {[%emt 0:03:32][%mdl 1024] Black has strong compensation.} 33. Re1 {[%emt 0:10:19] [#]} Rb7 {[%emt 0:00:10] Prevents Bb6.} ({Black should play} 33... Rb8 $1 $17) 34. e5 (34. Rc1 $1 $11) 34... Rd7 {[%emt 0:00:10] Weighted Error Value: White=0.22 (precise) /Black=0.14 (very precise)} (34... Reb8 $1 $15) 1/2-1/2

[Event "Israeli Team U18-ch 2022"]
[Site "Be'er Ya'akov"]
[Date "2022.08.15"]
[Round "3.8"]
[White "Ater, Yuval"]
[Black "Uritsky, Yonathan"]
[Result "0-1"]
[ECO "B12"]
[WhiteElo "1854"]
[BlackElo "2130"]
[Annotator "TA"]
[PlyCount "108"]
[EventDate "2022.08.14"]
[EventCountry "ISR"]
[SourceTitle "playchess.com"]
[Source "ChessBase"]
[SourceQuality "1"]
[TimeControl "3000+10"]

1. e4 c6 2. d4 d5 3. f3 e6 4. Nc3 Bb4 5. a3 Bxc3+ 6. bxc3 {[%emt 0:00:09] B12: Caro-Kann: Advance Variation.} dxe4 7. Bf4 Nf6 8. Bc4 {[%emt 0:02:23] [#] Black is slightly better.} Nd5 $146 ({Predecessor:} 8... Qa5 9. Bd2 e3 10. Ne2 exd2+ 11. Qxd2 O-O 12. O-O c5 13. Qg5 h6 14. Qh4 Nc6 {½-½ (54) Toth,G (2138)-Balog,T (2010) Hungary 2007}) 9. Bxd5 (9. Qd2 $1 $15) 9... exd5 $17 ({Weaker is} 9... cxd5 10. fxe4 dxe4 11. Qg4 $17 (11. Ne2 O-O $17)) 10. fxe4 dxe4 11. Qh5 O-O 12. Ne2 Qd5 (12... Nd7 $19 13. O-O Nb6) 13. Qh4 (13. Qxd5 $17 {is a better defense.} cxd5 14. c4) 13... Qc4 14. Bxb8 Rxb8 15. Qxe4 b6 {[%emt 0:08:12] Hoping for ...Ba6.} 16. Kf2 Ba6 17. Rhe1 Rfe8 18. Qf3 Qa4 19. Rac1 Re6 {[%emt 0:00:01] Black is more active.} ({And not} 19... Qxa3 20. Ng3 Bb5 21. Nf5 $17) (19... Bxe2 $142 20. Rxe2 Rxe2+ 21. Kxe2 Qxa3) 20. Nf4 Rxe1 21. Rxe1 Qxc2+ 22. Kg1 h6 23. Qxc6 (23. h4 $15) 23... Qd2 (23... Rc8 $17 24. Qe4 Qxe4 25. Rxe4 Rxc3) 24. Re8+ $1 $11 Rxe8 25. Qxe8+ {[%emt 0:00:01][%mdl 4096] Endgame KQB-KQN} Kh7 26. Qe4+ g6 27. Nd5 Qd1+ 28. Kf2 Qf1+ 29. Kg3 Bc4 30. h3 b5 31. Qe5 {[%emt 0:01:36] Nf6+ is the strong threat.} Bxd5 32. Qxd5 {[%emt 0:00:03] KQ-KQ} a5 33. Qe4 (33. Qc5 $11) 33... Qc4 (33... Qa1 $17 34. Qd3 Qxa3) 34. Qf3 Kg7 35. Qe3 Qb3 36. Qe5+ Kh7 37. Qc7 {[%emt 0:00:40] [#]} (37. Qc5 $1 $11 {keeps the balance.}) 37... b4 $1 $17 38. axb4 axb4 39. Kh2 {[%emt 0:00:20] Threatens to win with cxb4.} bxc3 40. d5 Qxd5 {[%emt 0:00:23] White must now prevent ...Qb3.} 41. Qxc3 h5 42. Qe3 g5 43. Qe2 Kg6 44. Qe3 Qf5 {[%emt 0:01:50] ( -> ...Qf4+)} 45. Qe8 Kg7 {[%emt 0:00:15] Inhibits Qg8+.} 46. Qe7 Qf6 47. Qe2 g4 (47... Qd6+ $17 48. Kg1 Qd4+ 49. Kf1 Qf6+ 50. Kg1 Qd4+ 51. Kf1 Qf4+ 52. Ke1 h4 53. Qb2+ Kg6 54. Qb1+ Kf6) 48. Qe3 (48. Kg3 $11) 48... Qf5 (48... Qd6+ $1 $15 49. g3 Qd5) 49. hxg4 $11 hxg4 50. Kg3 Kg6 51. Qb6+ ({White should play} 51. Qd4 $11) 51... Kh5 $1 $15 52. Qe3 {[%emt 0:00:05][%mdl 8192] [#] Prevents Qe5+.} (52. Qb8 $15) 52... Qg5 $1 $19 53. Qe8 (53. Qe2 $19) 53... Qh4+ 54. Kf4 Qf2+ {[%emt 0:00:01] Weighted Error Value: White=0.56/Black=0.18 (very precise)} 0-1

[Event "Israeli Team U18-ch 2022"]
[Site "Be'er Ya'akov"]
[Date "2022.08.15"]
[Round "3.9"]
[White "Gavriely, Or"]
[Black "Sokolovsky, Yahli"]
[Result "1/2-1/2"]
[ECO "D14"]
[WhiteElo "2072"]
[BlackElo "2386"]
[Annotator "TA"]
[PlyCount "36"]
[EventDate "2022.08.14"]
[EventCountry "ISR"]
[SourceTitle "playchess.com"]
[Source "ChessBase"]
[SourceQuality "1"]
[TimeControl "3000+10"]

1. d4 d5 2. c4 c6 3. cxd5 cxd5 4. Nc3 Nf6 5. Bf4 Nc6 6. Nf3 Bf5 7. e3 e6 8. Bd3 Bxd3 9. Qxd3 Be7 10. O-O Nh5 {[%emt 0:04:05] D14: Slav Defence: Exchange variation with ...Bf5.} 11. Bg3 O-O 12. Rac1 Nxg3 13. hxg3 Rc8 14. a3 f5 {[%emt 0:08:09] [#]} 15. b4 $146 ({Predecessor:} 15. Ne2 Qd7 16. b4 Bd6 17. Nf4 a6 18. Ng5 Rfe8 19. Qb3 Kh8 20. Nf3 {0-1 (34) Sirotkin,E (1354)-Giurgiu,N (2068) LSS email 2013}) 15... Qe8 16. Ne2 Bd6 17. Rc2 Rb8 18. Qb3 Rf6 {[%emt 0:04:21] An uneventful encounter.  Weighted Error Value: White=0.10 (very precise) /Black=0.08 (flawless)} 1/2-1/2

[Event "Israeli Team U18-ch 2022"]
[Site "Be'er Ya'akov"]
[Date "2022.08.15"]
[Round "3.10"]
[White "Neiman, Maks"]
[Black "Gadasi, Noam"]
[Result "0-1"]
[ECO "D03"]
[WhiteElo "2110"]
[BlackElo "1993"]
[Annotator "TA"]
[PlyCount "92"]
[EventDate "2022.08.14"]
[EventCountry "ISR"]
[SourceTitle "playchess.com"]
[Source "ChessBase"]
[SourceQuality "1"]
[TimeControl "3000+10"]

1. d4 Nf6 2. Nf3 e6 3. Bg5 d5 4. e3 Be7 5. Bd3 O-O 6. O-O {[%emt 0:00:43] D03: 1 d4 d5 2 Nf3 Nf6 3 Bg5, including Torre Attack with early ...d5.} c5 7. c3 b6 8. Ne5 {[%emt 0:01:38] The position is equal.} h6 9. Bh4 {[%emt 0:00:26] [#]} Ne4 $146 ({Predecessor:} 9... Qc7 10. Nd2 Ba6 11. Bxa6 Nxa6 12. Qa4 Nb8 13. f4 a6 14. f5 b5 15. Qd1 Nbd7 {1-0 (35) Papan,C (2106)-Tejnsky,B (1848) Ostrava 2003}) 10. Bxe7 Qxe7 11. Bxe4 dxe4 12. Qc2 Qb7 13. dxc5 (13. Nd2 $14) 13... bxc5 (13... Qd5 $15 14. f4 exf3 15. Nxf3 Qxc5) 14. Nd2 f5 15. Ndc4 Nc6 16. Qa4 Nxe5 17. Nxe5 Qc7 (17... Qxb2 $2 18. Ng6 Qb6 19. Nxf8 Kxf8 20. Rab1 $16) 18. Ng6 Bd7 19. Qc4 (19. Qc2 $5 Rfd8 20. Nf4 $11) 19... Rfd8 20. b4 (20. g4 $5) 20... Kf7 21. Nh4 Qe5 22. f3 {[%emt 0:04:49] Strongly threatening fxe4.} exf3 (22... Rab8 $17 {Threatens to win with ...Bb5.} 23. fxe4 Bb5) 23. Rxf3 $11 g6 (23... Ke8 $11) 24. Rg3 (24. e4 $1 $14 {keeps the upper hand.} Kg7 25. Rg3) 24... Rg8 $2 ({Resist} 24... g5 25. Nxf5 $1 Kg6 26. Nh4+ (26. Ne7+ Kf6 $11) 26... Kh7 27. Nf3 $16 (27. bxc5 gxh4 28. Qxh4 Rg8 $11) (27. Qd3+ Kg8 $16)) (24... cxb4 $1 $17 {keeps the pressure on.} 25. e4 Rac8 26. Qxb4 g5 27. exf5 exf5) 25. Rf1 (25. Nf3 $16 Qc7 26. Rh3 (26. Qxc5 Qxc5 27. bxc5 Kf6 $11) (26. bxc5 Bc6 $11)) 25... Qd5 (25... cxb4 $15 26. Qxb4 Bb5) 26. Qe2 (26. Qxd5 $11 {keeps the balance.} exd5 27. bxc5) 26... cxb4 $17 {[%emt 0:00:32] aiming for ...Bb5.} 27. e4 Qc5+ 28. Qe3 Qxe3+ 29. Rxe3 bxc3 30. exf5 gxf5 31. Rxc3 Rgc8 {[%emt 0:00:46] Inhibits Rc7.} 32. Rg3 Rg8 {[%emt 0:00:27] Inhibits Ng6.} 33. Rc3 $1 Rac8 34. Rb3 Rc7 {[%emt 0:00:26] Against Rb7} 35. Nf3 Kf6 {[%emt 0:00:02] Prevents Ne5.} 36. Rb2 e5 37. Rd2 Be6 38. Rd6 Rd7 (38... Rc2 $19 39. g3 Rgc8) 39. Rc6 e4 40. Nh4 Rd5 {[%emt 0:00:30] Black is more active.} 41. a4 ({Better is} 41. Ra6) 41... Rgd8 42. Rc7 $2 (42. g3 $17 {is a better defense.}) 42... R8d7 (42... Rd1 $142 43. Rxd1 Rxd1+ 44. Kf2 f4) 43. Rc6 $19 e3 ({Black should play} 43... Rd1 $19 {Hoping for ...e3.} 44. g3 h5) 44. Nf3 $2 (44. g3 $17) 44... Rd1 45. Rc1 $2 (45. g3) 45... e2 46. Re1 {[%emt 0:00:02] [#]} Rxc1 $1 {[%emt 0:00:01] Weighted Error Value: White=0.60/Black=0.29 (precise)} 0-1

[Event "Israeli Team U18-ch 2022"]
[Site "Be'er Ya'akov"]
[Date "2022.08.15"]
[Round "3.11"]
[White "Dezent, Eyal"]
[Black "Borodety, Itamar"]
[Result "0-1"]
[ECO "B76"]
[WhiteElo "1869"]
[BlackElo "1939"]
[Annotator "NA RC"]
[PlyCount "148"]
[EventDate "2022.08.14"]
[EventCountry "ISR"]
[SourceTitle "playchess.com"]
[Source "ChessBase"]
[SourceQuality "1"]
[TimeControl "3000+10"]

1. e4 c5 2. Nf3 d6 3. d4 cxd4 4. Nxd4 Nf6 5. Nc3 g6 6. Be3 Bg7 7. f3 O-O 8. Qd2 Nc6 9. g4 Be6 10. Nxe6 fxe6 11. O-O-O Ne5 12. Be2 Qa5 13. Kb1 Rac8 14. Nb5 Qxd2 15. Bxd2 a6 16. Nd4 Kf7 17. Bc1 b5 (17... Nc6 $14 {deserves consideration.}) 18. h4 Nc4 19. h5 e5 20. Nb3 Rfd8 21. Bd3 e6 22. Rh2 d5 23. hxg6+ hxg6 24. Nd2 Rd7 25. Rdh1 d4 26. Nf1 a5 27. Ng3 Rdd8 28. b3 Nd6 29. g5 Nd7 30. Rf2 Kg8 31. Ne2 Nc5 32. Bd2 b4 33. Rhf1 $15 (33. Nc1 $1 $11) 33... Rf8 34. Ng3 Nxd3 35. cxd3 Nb5 36. Ne2 Nc3+ 37. Bxc3 dxc3 38. Kc2 Ra8 39. f4 a4 40. bxa4 Rxa4 41. Nc1 Ra3 42. fxe5 Rxf2+ 43. Rxf2 Bxe5 44. Rf1 Bd4 45. Rf3 Kg7 46. Kb1 Be5 47. Rf2 Bg3 48. Rf1 Bh4 49. Rg1 Ra5 50. Kc2 Bxg5 51. Kb3 Be7 52. d4 g5 53. Rg2 Kg6 54. Nd3 Ra3+ 55. Kc4 Kh5 56. Ne5 Kh4 57. Rc2 Kh3 58. d5 exd5+ 59. exd5 g4 60. Nd3 g3 61. Nf4+ Kg4 62. Ng2 Bd6 63. Kb5 Be5 64. Kxb4 Ra6 65. a4 Kf3 66. Nh4+ Ke3 67. Ng2+ Kd3 68. Ne1+ Ke4 69. Kb5 Ra8 70. a5 Kxd5 71. a6 Bd4 72. Rg2 Bf2 73. Nc2 Ke4 74. Nb4 Kf3 0-1

[Event "Israeli Team U18-ch 2022"]
[Site "Be'er Ya'akov"]
[Date "2022.08.15"]
[Round "3.12"]
[White "Bilenkiy, Maksym"]
[Black "Qasem, Huda"]
[Result "1-0"]
[ECO "B33"]
[WhiteElo "1650"]
[BlackElo "1765"]
[Annotator "NA RC"]
[PlyCount "69"]
[EventDate "2022.08.14"]
[EventCountry "ISR"]
[SourceTitle "playchess.com"]
[Source "ChessBase"]
[SourceQuality "1"]
[TimeControl "3000+10"]

1. e4 c5 2. Nf3 Nc6 3. d4 cxd4 4. Nxd4 e5 5. Nb5 d6 6. N1c3 a6 7. Na3 b5 8. Nd5 Nf6 9. Bg5 Be7 10. Bxf6 Bxf6 11. c4 b4 12. Nc2 Rb8 13. b3 a5 14. Be2 Bg5 15. O-O O-O 16. Qd3 Ne7 17. Rad1 Nxd5 18. Qxd5 Bb7 19. Qd3 Qf6 20. Bf3 Rfd8 21. Ne3 Bxe3 22. Qxe3 Bc6 23. Rd2 Qe7 24. Rfd1 Rd7 25. h3 g6 26. Bg4 Rdd8 27. Rd3 Qc7 28. Bf3 f5 29. exf5 e4 30. Bxe4 Re8 31. Rd4 gxf5 32. Qg5+ Kh8 33. Qf6+ Qg7 34. Qxg7+ Kxg7 35. Bxc6 1-0

[Event "Israeli Team U18-ch 2022"]
[Site "Be'er Ya'akov"]
[Date "2022.08.15"]
[Round "3.14"]
[White "Zusman, Tal"]
[Black "Tirosh, Roy"]
[Result "1-0"]
[ECO "C54"]
[WhiteElo "1445"]
[BlackElo "1034"]
[Annotator "NA RC"]
[PlyCount "83"]
[EventDate "2022.08.14"]
[EventCountry "ISR"]
[SourceTitle "playchess.com"]
[Source "ChessBase"]
[SourceQuality "1"]
[TimeControl "3000+10"]

1. e4 e5 2. Nf3 Nc6 3. Bc4 Bc5 4. d3 Nf6 5. c3 d6 6. Be3 Bxe3 7. fxe3 Qe7 8. O-O Be6 9. Bb3 O-O-O 10. Nbd2 h6 11. Qe2 d5 12. exd5 Bxd5 13. e4 Be6 14. Nc4 Nd7 15. Qe3 Nc5 16. Rad1 Nxb3 17. axb3 Bg4 18. b4 a6 19. h3 Bxf3 20. Rxf3 Kb8 21. Qf2 Rhf8 22. Ne3 f6 23. Nd5 Qe6 24. Qg3 g5 25. Qf2 f5 26. Ra1 f4 27. Qc5 Qd6 28. Qf2 h5 29. Qd2 g4 30. hxg4 hxg4 31. Rff1 Rh8 32. Kf2 f3 33. Rg1 Rh2 34. Ke1 Rf8 35. Kd1 fxg2 36. Kc2 g3 37. Kb3 Rf2 38. Qe3 Qh6 39. Qxg3 Qd2 40. Qg8+ Ka7 41. Nxc7 Qxb2+ 42. Kc4 1-0

[Event "Israeli Team U18-ch 2022"]
[Site "Be'er Ya'akov"]
[Date "2022.08.15"]
[Round "3.15"]
[White "Scheimann, Ori"]
[Black "Merzbach, Evyatar"]
[Result "1-0"]
[ECO "A96"]
[WhiteElo "1552"]
[BlackElo "1613"]
[Annotator "NA RC"]
[PlyCount "55"]
[EventDate "2022.08.14"]
[EventCountry "ISR"]
[SourceTitle "playchess.com"]
[Source "ChessBase"]
[SourceQuality "1"]
[TimeControl "3000+10"]

1. d4 f5 2. c4 e6 3. Nf3 Nf6 4. g3 Be7 5. Bg2 O-O 6. O-O d6 7. Nc3 Ne4 8. Nxe4 fxe4 9. Ne1 d5 10. Be3 Nc6 11. Rc1 Bg5 12. Qd2 Bxe3 13. Qxe3 Qf6 14. Rd1 b6 15. cxd5 exd5 16. f3 exf3 17. Rxf3 Qe7 18. Rxf8+ Kxf8 19. Qf2+ Ke8 20. Bxd5 Bb7 21. Rd3 Kd7 22. Re3 Qf6 23. Rf3 Qh6 24. Nd3 Nd8 25. Bxb7 Nxb7 26. Ne5+ Kc8 27. Rf8+ Nd8 28. Rxd8+ 1-0

[Event "Israeli Team U18-ch 2022"]
[Site "Be'er Ya'akov"]
[Date "2022.08.15"]
[Round "3.16"]
[White "Lukin, Gavriel"]
[Black "Zusman, Noa"]
[Result "*"]
[ECO "C01"]
[WhiteElo "1139"]
[BlackElo "1246"]
[Annotator "NA RC"]
[PlyCount "71"]
[EventDate "2022.08.14"]
[EventCountry "ISR"]
[SourceTitle "playchess.com"]
[Source "ChessBase"]
[SourceQuality "1"]
[TimeControl "3000+10"]

1. e4 e6 2. d4 d5 3. exd5 exd5 4. Bd3 Bd6 5. Qf3 Ne7 6. Ne2 O-O 7. O-O c6 8. Nd2 Nd7 9. Re1 Nf6 10. h3 Ng6 11. Ng3 Nh4 12. Qd1 Qc7 13. Ndf1 Bf4 14. Nh5 Nxh5 15. Bxh7+ Kxh7 16. Qxh5+ Kg8 17. Qxh4 Bd6 18. Bg5 f6 19. Bd2 Qb6 20. Bc3 Bd7 21. Qh5 Rae8 22. Qg6 Qa6 23. Ne3 b5 24. Ng4 Kh8 25. a3 Qb6 26. Rad1 a5 27. b4 axb4 28. Bxb4 Qc7 29. c3 Be6 30. Qh5+ Kg8 31. Qg6 Kh8 32. Ne3 c5 33. dxc5 Bxc5 34. Nxd5 Qa7 35. Qh5+ Kg8 36. Bxc5 *

[Event "Israeli Team U18-ch 2022"]
[Site "Be'er Ya'akov"]
[Date "2022.08.15"]
[Round "3.17"]
[White "Gov, Guy"]
[Black "Sella, Eyal"]
[Result "1-0"]
[ECO "D00"]
[WhiteElo "2174"]
[BlackElo "1432"]
[Annotator "TA"]
[PlyCount "49"]
[EventDate "2022.08.14"]
[EventCountry "ISR"]
[SourceTitle "playchess.com"]
[Source "ChessBase"]
[SourceQuality "1"]
[TimeControl "3000+10"]

1. Nc3 d5 2. d4 a6 3. Bf4 Nf6 4. e3 Bf5 5. Bd3 e6 6. Nf3 {[%emt 0:00:10] D00: 1 d4 d5: Unusual lines.} c5 {[%emt 0:00:14] [#]} (6... Bg4 $11 {remains equal.}) 7. Bxf5 $146 {[%emt 0:00:13] White is more active.} ({Predecessor:} 7. Qe2 Qb6 8. Rb1 Nbd7 9. O-O Be7 10. Rfd1 O-O 11. Bxf5 exf5 12. dxc5 Qxc5 13. Nd4 {1-0 (23) Naidoo,R (1198)-Taylor,N (969) Cape Town 2016}) 7... exf5 8. O-O (8. Bg5 $16) 8... c4 $14 9. b3 cxb3 10. cxb3 Bd6 ({Black should play} 10... Nbd7 $14) 11. Bxd6 Qxd6 12. Qd3 (12. Qc2 $14) 12... g6 (12... Ne4 {feels hotter.} 13. Na4 O-O 14. Rfc1 Re8) 13. Rac1 {[%emt 0:00:21][%cal Oc3b5] [#] Nb5! is the strong threat.} O-O 14. Na4 Nbd7 15. Nc5 Rab8 16. b4 Rfc8 {[%emt 0:00:27] [#]} 17. Nxb7 $1 Qxb4 18. Rxc8+ Rxc8 19. Qxa6 Rb8 20. Nc5 Rb6 $2 {[%emt 0:00:46][%mdl 8192] This move loses the game for Black.} (20... Kg7 $16) 21. Qc8+ $18 Nf8 22. Ne5 Qb5 23. Qd8 Kg7 24. Qe7 $2 (24. Qc7 N8d7 25. a4) 24... Qb4 $2 (24... Qe8 $18 25. Qxe8 Nxe8) 25. Qxf7+ {[%emt 0:00:10] Weighted Error Value: White=0.56/Black=1.01} 1-0

[Event "Israeli Team U18-ch 2022"]
[Site "Be'er Ya'akov"]
[Date "2022.08.15"]
[Round "3.18"]
[White "Neumann, Amit"]
[Black "Tsirilman, Guy"]
[Result "1-0"]
[ECO "C27"]
[WhiteElo "1422"]
[BlackElo "2108"]
[Annotator "TA"]
[PlyCount "21"]
[EventDate "2022.08.14"]
[EventCountry "ISR"]
[SourceTitle "playchess.com"]
[Source "ChessBase"]
[SourceQuality "1"]
[TimeControl "3000+10"]

1. e4 e5 2. Bc4 Nf6 3. d3 Bc5 4. Nc3 h6 5. f4 d6 6. Nf3 Bg4 $2 {[%emt 0:01:46] C27: Vienna Game: 2...Nf6 3 Bc4 Nxe4.} (6... a6 $11) 7. fxe5 $18 dxe5 8. Bxf7+ $1 Kxf7 (8... Ke7 {was worth a try.}) 9. Nxe5+ {[%emt 0:00:04][%mdl 64] [#] Discovered Attack, Double Attack} Ke8 $146 ({Predecessor:} 9... Ke6 10. Nxg4 Rf8 11. Be3 Bd6 12. e5 Bxe5 13. Nxe5 Kxe5 14. Bc5 Re8 15. O-O Ke6 {1-0 (24) Nivala,T (2215)-Piironen,P (2206) Kuopio 2015}) 10. Nxg4 Nxg4 11. Qxg4 {[%emt 0:00:05] White took control after the opening.  Weighted Error Value: White=0.00 (flawless) /Black=0.93} 1-0

[Event "Israeli Team U18-ch 2022"]
[Site "Be'er Ya'akov"]
[Date "2022.08.15"]
[Round "3.19"]
[White "Lukin, Gavriel"]
[Black "Zusman, Noa"]
[Result "1-0"]
[ECO "B48"]
[WhiteElo "1139"]
[BlackElo "1246"]
[Annotator "NA RC"]
[PlyCount "57"]
[EventDate "2022.08.14"]
[EventCountry "ISR"]
[SourceTitle "playchess.com"]
[Source "ChessBase"]
[SourceQuality "1"]
[TimeControl "3000+10"]

1. e4 c5 2. Nf3 e6 3. d4 cxd4 4. Nxd4 Nc6 5. Nc3 Qc7 6. Be3 a6 7. Qd2 Nf6 8. f3 Be7 9. g4 Nxd4 10. Bxd4 Bc5 11. O-O-O Bxd4 12. Qxd4 b5 13. Bg2 Bb7 14. h4 Rc8 15. Rd2 e5 16. Qd6 Qxd6 17. Rxd6 Ke7 18. Rhd1 Rc6 19. R6d3 d6 20. g5 Nh5 21. Nd5+ Kd8 22. Nb4 Rb6 23. Rxd6+ Rxd6 24. Rxd6+ Kc7 25. Rd3 Nf4 26. Rc3+ Kd6 27. Bf1 Ng6 28. Rd3+ Ke6 29. Bh3+ 1-0